 Dungeon Crawl Stone Soup version 0.20.0-8-g6b59dc7 (webtiles) character file.

55092 poirepourri the Earth Mage (level 14, -1/74 HPs)
             Began as a Gargoyle Earth Elementalist on June 2, 2017.
             Was a High Priest of Vehumet.
             Slain by a dire elephant (3 damage)
             ... on level 6 of the Lair of Beasts.
             The game lasted 00:45:59 (34101 turns).

poirepourri the Earth Mage (GrEE)                  Turns: 34101, Time: 00:46:01

Health: -1/74      AC: 24    Str: 12    XL:     14   Next: 75%
Magic:  0/32       EV: 17    Int: 24    God:    Vehumet [*****.]
Gold:   847        SH:  0    Dex: 10    Spells: 26/42 levels left

rFire    . . .     SeeInvis .   a - +7 mace (protect)
rCold    . . .     Gourm    +   (no shield)
rNeg     + . .     Faith    .   b - +2 robe {Archmagi}
rPois    ∞         Spirit   .   t - +2 helmet {Int+3}
rElec    +         Reflect  .   g - +2 cloak
rCorr    .         Harm     .   f - +2 pair of gloves
MR       +....                  T - +1 pair of boots
Stlth    ++........             M - amulet of the gourmand
Regen    0.3/turn               z - +2 ring of slaying
MPRegen  0.3/turn               H - +2 ring of evasion

@: no status effects
A: big wings, negative energy resistance 1, electricity resistance, unbreathing,
petrification resistance, rot immunity, AC +9
a: Fly, Renounce Religion


You were on level 6 of the Lair of Beasts.
You worshipped Vehumet.
Vehumet was extremely pleased with you.
You were not hungry.

You visited 3 branches of the dungeon, and saw 20 of its levels.
You also visited: Bailey.

You collected 1126 gold pieces.
You spent 279 gold pieces at shops.

Inventory:

Hand Weapons
 a - a +7 mace of protection (weapon)
 c - the +4 war axe of Xom's Displeasure {protect, rF+}
   (You found it on level 4 of the Dungeon)

   It protects the one who uses it against injury (+AC on strike).
   It protects you from fire.
 w - a +4 morningstar
Missiles
 v - 32 tomahawks of returning (quivered)
Armour
 b - a +2 robe of the Archmagi (worn)
 f - a +2 pair of gloves (worn)
 g - a +2 cloak (worn)
 n - a scarf of spirit shield
 t - a +2 helmet of intelligence (worn)
 T - a +1 pair of boots (worn)
Jewellery
 o - the ring of Kipt {+Blink rF+ Dex+5 Slay-3, unknown}
   (You found it on level 6 of the Lair of Beasts)

   [ring of protection from fire]

   It affects your dexterity (+5).
   It affects your accuracy and damage with ranged weapons and melee attacks
   (-3).
   It protects you from fire.
   It lets you blink.
 z - a +2 ring of slaying (left hand)
 H - a +2 ring of evasion (right hand)
 M - an amulet of the gourmand (around neck)
Wands
 h - a wand of lightning (6/15)
 q - a wand of scattershot (8/9)
 y - a wand of paralysis (3/24)
 C - a wand of iceblast (5/15)
 F - a wand of paralysis (16/24)
 J - a wand of acid (5/15)
 L - a wand of flame (16/48)
 N - a wand of polymorph (13/24)
 U - a wand of paralysis (9/24)
Scrolls
 i - 2 scrolls of magic mapping
 l - 3 scrolls of teleportation
 p - 10 scrolls of remove curse
 G - a scroll of recharging
 K - a scroll of blinking {unknown}
 Q - a scroll of fog
Potions
 d - 2 potions of mutation
 j - 2 potions of flight
 k - 2 potions of might
 m - 2 potions of brilliance
 r - 3 potions of lignification
 x - 3 potions of agility
 A - 2 potions of cancellation
 I - a potion of curing
Books
 e - a book of Geomancy

   Spells                             Type                      Level
   a - Sandblast                      Earth                        1
   b - Passwall                       Transmutation/Earth          2
   c - Stone Arrow                    Conjuration/Earth            3
   d - Petrify                        Transmutation/Earth          4
   e - Lee's Rapid Deconstruction     Earth                        5
 u - a book of Cantrips

   Spells                             Type                      Level
   a - Confusing Touch                Hexes                        1
   b - Animate Skeleton               Necromancy                   1
   c - Summon Small Mammal            Summoning                    1
   d - Apportation                    Translocation                1
 B - a book of Conjurations

   Spells                             Type                      Level
   a - Magic Dart                     Conjuration                  1
   b - Searing Ray                    Conjuration                  2
   c - Dazzling Spray                 Conjuration/Hexes            3
   d - Fulminant Prism                Conjuration/Hexes            4
   e - Force Lance                    Conjuration/Translocation    4
   f - Iskenderun's Mystic Blast      Conjuration                  4
 O - a book of Frost

   Spells                             Type                      Level
   a - Freeze                         Ice                          1
   b - Throw Frost                    Conjuration/Ice              2
   c - Ozocubu's Armour               Charms/Ice                   3
   d - Throw Icicle                   Conjuration/Ice              4
   e - Summon Ice Beast               Ice/Summoning                4
 P - the Compendium of the Creative Voyage
   (You found it on level 2 of the Lair of Beasts)

   Spells                             Type                      Level
   a - Recall                         Summoning/Translocation      3
   b - Gell's Gravitas                Translocation                3
   c - Dispersal                      Translocation                6
 R - a book of the Sky

   Spells                             Type                      Level
   a - Summon Lightning Spire         Summoning/Air                4
   b - Silence                        Hexes/Air                    5
   c - Deflect Missiles               Charms/Air                   6
   d - Conjure Ball Lightning         Conjuration/Air              6
   e - Tornado                        Air                          9
Comestibles
 s - 4 bread rations
 D - 13 royal jellies
 E - 5 fruits


   Skills:
 + Level 3.5 Fighting
 - Level 1.3 Maces & Flails
 * Level 7.3 Dodging
 - Level 2.1 Stealth
 + Level 14.5 Spellcasting
 + Level 9.9 Conjurations
 + Level 0.7 Transmutations
 + Level 17.1 Earth Magic


You had 26 spell levels left.
You knew the following spells:

 Your Spells              Type           Power        Failure   Level  Hunger
a - Sandblast             Erth           ######       0%          1    None
b - Passwall              Tmut/Erth      ######....   1%          2    None
c - Stone Arrow           Conj/Erth      ######       1%          3    None
d - Petrify               Tmut/Erth      ######..     1%          4    None
e - Lee's Rapid Deconstr  Erth           #######...   1%          5    ##.....
f - Sting                 Conj/Pois      ####         1%          1    None


Dungeon Overview and Level Annotations

Branches:
Dungeon (13/15)            Temple (1/1) D:6            Lair (6/6) D:11
 Shoals (0/4) Lair:2       Spider (0/4) Lair:2        Slime (0/5) Lair:5
    Orc (0/2) D:9
 Vaults: D:13-14

Altars:
Ashenzari
Cheibriados
Dithmenos
Elyvilon
Fedhas
Gozag
Hepliaklqana
Kikubaaqudgha
Makhleb
Nemelex Xobeh
Okawaru
Qazlal
Ru
Sif Muna
Trog
Uskayaw
Vehumet
Xom
Yredelemnul
Zin
The Shining One
Jiyva

Shops:
D:5 }   D:7 :[

Annotations:
Lair:5 1 runed door, exclusion: 3 oklob plants


Innate Abilities, Weirdness & Mutations

You are resistant to torment.
Your stone body is resilient. (AC +9)
You are immune to poison.
Your large and strong wings let you fly indefinitely.
You resist negative energy. (rN+)
You are resistant to electric shocks. (rElec)
You can survive without breathing.
You are immune to petrification.
You are immune to rotting.


Message History

Confirm with . or Enter, or press ? or * to list all spells.
Aiming: Stone Arrow
Press: ? - help, Shift-Dir - straight line, f/p - dire elephant
Aim: a dire elephant (almost dead)
You feel a surge of power!
The stone arrow hits the dire elephant.
The dire elephant is almost dead.
The dire elephant tramples you!!
* * * LOW HITPOINT WARNING * * *
You hold your ground!
The dire elephant trunk-slaps you but does no damage.
Okay, then.
Okay, then.
You feel better. The wind drake flaps its wings at you.
The air twists around and strikes you!
* * * LOW HITPOINT WARNING * * *
The dire elephant tramples you!
* * * LOW HITPOINT WARNING * * *
You hold your ground!
The dire elephant trunk-slaps you.
You die...

............#.#.###
≈..............##
...............###
.................#
≈..........#...#.#
≈..P.....P###..###
...P......P##...#
≈..........#..#.##
.........P÷.k.÷Y@#
P.......P........#
...(..........####
..P......#...##
........#...##
.........#.##
...........#
#........###
........##


You could see a dire elephant and a wind drake.

Vanquished Creatures
  Snorg (Lair:4)
  6 hydras
  2 two-headed ogres (D:11)
  A catoblepas (Lair:6)
  5 death yaks (Lair:5)
  4 unseen horrors
  A sea snake (Lair:6)
  The ghost of Fingolfin the Carver, a novice MiMo (D:7)
  A manticore (D:13)
  6 ugly things
  12 spiny frogs
  3 elephants (Lair:5)
  6 black mambas
  7 rime drakes
  The ghost of miragecloak the Insei, a novice OpTm (D:6)
  A tengu conjurer (D:10)
  4 komodo dragons
  3 meliai (Lair:5)
  A polar bear (Lair:6)
  4 trolls
  A queen bee (Lair:5)
  4 blink frogs (Lair:1)
  12 hippogriffs
  5 wyverns
  69 yaks
  4 basilisks
  2 hungry ghosts
  8 vampire mosquitoes
  12 water moccasins
  13 porcupines
  3 ice beasts
  6 ogres
  6 sky beasts
  2 black bears
  10 orc warriors
  A phantom (D:9)
  A necrophage (D:7)
  5 wolves (D:11)
  11 crocodiles
  10 centaurs
  A wyvern zombie (D:11)
  15 bullfrogs
  A wyvern skeleton (D:11)
  3 scorpions
  35 killer bees
  10 wights
  An electric eel (D:10)
  3 howler monkeys
  4 crimson imps
  A quasit (D:10)
  2 centaur zombies
  7 orc priests
  7 hounds
  4 jellies
  12 orc wizards
  2 bullfrog skeletons (D:12)
  A centaur skeleton (D:4)
  4 iguanas
  9 worker ants
  2 howler monkey zombies
  10 gnolls
  9 adders
  2 howler monkey skeletons (D:4)
  5 shadow imps
  2 oozes
  2 adder zombies
  3 worms
  An adder skeleton (D:4)
  A dart slug (D:1)
  8 leopard geckos
  42 orcs
  4 giant cockroaches
  7 hobgoblins
  3 jackals
  21 kobolds
  2 quokkas
  4 ball pythons
  A bat (D:1)
  8 frilled lizards
  6 goblins
  A jackal skeleton (D:6)
  4 quokka skeletons
  5 rats
  3 fungi
  4 plants
537 creatures vanquished.

Vanquished Creatures (collateral kills)
  An adder (D:10)
1 creature vanquished.

Vanquished Creatures (others)
  2 bushes (D:11)
  22 fungi
  19 plants
43 creatures vanquished.

Grand Total: 581 creatures vanquished

Notes
Turn   | Place    | Note
-------+----------+-------------------------------------------
     0 | D:1      | poirepourri the Gargoyle Earth Elementalist began the quest for the Orb.
     0 | D:1      | Reached XP level 1. HP: 10/10 MP: 3/3
   146 | D:1      | Reached skill level 4 in Earth Magic
   146 | D:1      | Reached XP level 2. HP: 12/15 MP: 0/5
   966 | D:1      | Learned a level 2 spell: Passwall
  1022 | D:2      | Reached XP level 3. HP: 19/19 MP: 4/6
  1532 | D:2      | Found a sparkling altar of Nemelex Xobeh.
  1961 | D:2      | Reached XP level 4. HP: 24/24 MP: 3/8
  2108 | D:2      | Learned a level 3 spell: Stone Arrow
  2471 | D:2      | Reached skill level 5 in Earth Magic
  3486 | D:3      | Reached XP level 5. HP: 28/28 MP: 2/10
  4099 | D:4      | Noticed an ogre
  4113 | D:4      | Killed an ogre
  4113 | D:4      | Reached skill level 1 in Conjurations
  4113 | D:4      | Reached skill level 6 in Earth Magic
  4113 | D:4      | Reached XP level 6. HP: 32/32 MP: 0/11
  4636 | D:4      | Got a dazzling war axe
  4754 | D:4      | Found a glowing golden altar of the Shining One.
  4951 | D:4      | Learned a level 4 spell: Petrify
  5449 | D:4      | Found an opulent altar of Gozag.
  5451 | D:4      | Found a sparkling altar of Nemelex Xobeh.
  5452 | D:4      | Found a hazy altar of Hepliaklqana.
  5529 | D:4      | Reached XP level 7. HP: 36/36 MP: 8/13
  5643 | D:4      | Reached skill level 7 in Earth Magic
  6425 | D:5      | Entered Level 5 of the Dungeon
  7284 | D:5      | Found Vuot's Gadget Emporium.
  7712 | D:5      | Reached skill level 1 in Maces & Flails
  7981 | D:6      | Reached skill level 5 in Spellcasting
  7983 | D:6      | Reached XP level 8. HP: 42/42 MP: 5/15
  8293 | D:6      | Reached skill level 8 in Earth Magic
  8315 | D:6      | Learned a level 5 spell: Lee's Rapid Deconstruction
  8668 | D:6      | Found a staircase to the Ecumenical Temple.
  8679 | Temple   | Entered the Ecumenical Temple
  8905 | Temple   | Became a worshipper of Vehumet
  9228 | D:6      | Noticed miragecloak's ghost (novice OpTm)
  9232 | D:6      | Killed miragecloak's ghost
  9232 | D:6      | Reached skill level 1 in Fighting
  9232 | D:6      | Reached skill level 9 in Earth Magic
  9699 | D:6      | Reached XP level 9. HP: 47/47 MP: 11/18
 10019 | D:7      | Found Josieda's Armour Emporium.
 10027 | D:7      | Bought a +2 helmet of intelligence for 279 gold pieces
 10254 | D:7      | Found Fualucs's Book Emporium.
 10717 | D:7      | Noticed a troll
 10720 | D:7      | Killed a troll
 10720 | D:7      | Reached skill level 10 in Earth Magic
 10723 | D:7      | Noticed Fingolfin's ghost (novice MiMo)
 10991 | D:7      | Killed Fingolfin's ghost
 11787 | D:8      | Found a flagged portal.
 11932 | Bailey   | Entered a bailey
 11937 | Bailey   | Noticed an orc warlord
 11946 | Bailey   | Reached * piety under Vehumet
 11946 | Bailey   | Offered knowledge of Magic Dart by Vehumet.
 11948 | Bailey   | Reached skill level 11 in Earth Magic
 12285 | Bailey   | Found a runed gate.
 12296 | Bailey   | Found a runed gate.
 12296 | Bailey   | Found a runed gate.
 12317 | Bailey   | Reached XP level 10. HP: 37/52 MP: 15/22
 13555 | D:8      | Found a bloodstained altar of Trog.
 13558 | D:8      | Found a shadowy altar of Dithmenos.
 13706 | D:8      | Found a stormy altar of Qazlal.
 14003 | D:9      | Reached ** piety under Vehumet
 14003 | D:9      | Offered knowledge of Sting by Vehumet.
 14006 | D:9      | Learned a level 1 spell: Sting
 14319 | D:9      | Reached skill level 5 in Conjurations
 14403 | D:9      | Found a staircase to the Orcish Mines.
 14715 | D:9      | Reached skill level 12 in Earth Magic
 15120 | D:10     | Entered Level 10 of the Dungeon
 15524 | D:10     | Offered knowledge of Throw Flame by Vehumet.
 15733 | D:10     | Reached skill level 10 in Spellcasting
 16101 | D:10     | Identified the +4 war axe of Xom's Displeasure {protect, rF+} (You found it on level 4 of the Dungeon)
 16114 | D:10     | Reached XP level 11. HP: 56/56 MP: 19/25
 16160 | D:10     | Reached *** piety under Vehumet
 16514 | D:10     | Killed an unseen horror
 17664 | D:11     | Noticed a two-headed ogre
 17664 | D:11     | Noticed a two-headed ogre
 17670 | D:11     | Noticed a seven-headed hydra
 17694 | D:11     | Reached skill level 13 in Earth Magic
 18209 | D:11     | Offered knowledge of Mephitic Cloud by Vehumet.
 18265 | D:11     | Killed a two-headed ogre
 18305 | D:11     | Killed a two-headed ogre
 18401 | D:11     | Killed a seven-headed hydra
 18734 | D:11     | Killed an unseen horror
 18923 | D:11     | Found a staircase to the Lair.
 19078 | D:11     | Noticed a green ugly thing
 19081 | D:11     | Reached **** piety under Vehumet
 19085 | D:11     | Killed a green ugly thing
 19212 | D:11     | Offered knowledge of Conjure Flame by Vehumet.
 19219 | D:11     | Reached XP level 12. HP: 62/62 MP: 20/27
 19473 | D:11     | Reached skill level 14 in Earth Magic
 21152 | D:12     | Noticed a five-headed hydra
 21178 | D:12     | Killed a five-headed hydra
 22601 | D:12     | Reached skill level 15 in Earth Magic
 23225 | D:13     | Reached XP level 13. HP: 63/68 MP: 2/29
 23471 | D:13     | Reached skill level 5 in Dodging
 24001 | Lair:1   | Entered Level 1 of the Lair of Beasts
 24463 | Lair:1   | Reached ***** piety under Vehumet
 24498 | Lair:1   | Offered knowledge of Spellforged Servitor by Vehumet.
 25309 | Lair:2   | Found a staircase to the Shoals.
 26083 | Lair:2   | Found a hole to the Spider Nest.
 26194 | Lair:2   | Identified the Compendium of the Creative Voyage
 27055 | Lair:3   | Found a white marble altar of Elyvilon.
 27277 | Lair:3   | Reached skill level 16 in Earth Magic
 28557 | Lair:4   | Noticed Snorg
 28562 | Lair:4   | Killed Snorg
 28562 | Lair:4   | Gained mutation: Your large and strong wings let you fly indefinitely. [Gargoyle growth]
 28562 | Lair:4   | Reached XP level 14. HP: 72/72 MP: 19/31
 31185 | Lair:5   | Paralysed by a meliai for 4 turns
 31575 | Lair:5   | Found a runed door.
 31575 | Lair:5   | Found a viscous altar of Jiyva.
 31576 | Lair:5   | Noticed an azure jelly
 31578 | Lair:5   | Noticed an azure jelly
 31580 | Lair:5   | Found a staircase to the Slime Pits.
 31581 | Lair:5   | Noticed an azure jelly
 31739 | Lair:6   | Entered Level 6 of the Lair of Beasts
 31747 | Lair:6   | Offered knowledge of Bolt of Draining by Vehumet.
 31759 | Lair:6   | Got a pitted wooden ring
 33400 | Lair:6   | Reached skill level 17 in Earth Magic
 34087 | Lair:6   | Noticed a dire elephant
 34101 | Lair:6   | HP: 2/74 [dire elephant (8)]
 34101 | Lair:6   | Slain by a dire elephant

Skill      XL: |  1  2  3  4  5  6  7  8  9 10 11 12 13 14 |
---------------+-------------------------------------------+-----
Earth Magic    | 4 5 6 7 9 11 12 13 15 16 17 | 17.1
Spellcasting   | 3 4 5 6 8 10 11 12 13 14 | 14.5
Conjurations   | 1 2 3 4 5 6 7 9 |  9.9
Dodging        | 2 3 4 6 7 |  7.3
Maces & Flails | 1 |  1.3
Fighting       | 1 2 3 |  3.5
Stealth        | |  2.1
Transmutations | |  0.7

Action                   |  1- 3 |  4- 6 |  7- 9 | 10-12 | 13-15 || total
-------------------------+-------+-------+-------+-------+-------++-------
Melee: Mace              |       |    13 |    18 |    20 |    29 ||    80
       Unarmed           |       |       |       |       |     4 ||     4
 Cast: Sandblast         |    49 |    39 |    67 |   121 |    59 ||   335
       Stone Arrow       |       |    32 |    88 |   196 |   322 ||   638
       Lee's Rapid Decon |       |       |     5 |    67 |    68 ||   140
       Sting             |       |       |       |     9 |    11 ||    20
  Use: Scroll            |     4 |     7 |     4 |    18 |     8 ||    41
       Potion            |       |       |     4 |     6 |     3 ||    13
 Stab: Invisible         |       |       |     1 |       |       ||     1
  Eat: Bread ration      |     1 |     2 |     4 |     4 |       ||    11
       Chunk             |       |     3 |     6 |     5 |       ||    14
       Royal jelly       |       |     1 |       |     2 |     6 ||     9
       Meat ration       |       |       |     1 |     1 |     3 ||     5
       Fruit             |       |       |       |    13 |    13 ||    26
Armor: Robe              |    10 |    17 |    38 |   197 |   156 ||   418
Dodge: Dodged            |    18 |    26 |    52 |   211 |   310 ||   617
